| TOP OF THE 1ST |
|
Columbus Reds batting - Pitching for Hamilton Cardinals : RHP Ji-e Shuai
|
|
Pitching: RHP Ji-e Shuai
|
|
|
Batting: RHB John Hopkins
|
0-0: Bunt for hit to P - play at first, batter OUT! 1-3
|
|
Batting: RHB Alex Nagera
|
0-0: SINGLE (Groundball, 56S, EV 77.5 MPH) (infield hit)
|
|
Batting: LHB Jamie Spangenberg
|
0-0: Called Strike 0-1: Ball 1-1: Ball 2-1: Fly out, F9 (Flyball, 9, EV 77.5 MPH)
|
|
Batting: RHB Ruben Cantu
|
0-0: Foul Ball, location: 2F 0-1: Foul Ball, location: 2F 0-2: Fly out, F9 (Flyball, 9LM, EV 105.6 MPH)
|
| Top of the 1st over - 0 runs, 1 hit, 0 errors, 1 left on base; Columbus 0 - Hamilton 0 |
| BOTTOM OF THE 1ST |
|
Hamilton Cardinals batting - Pitching for Columbus Reds : RHP Ivan Alday
|
|
Pitching: RHP Ivan Alday
|
|
|
Batting: RHB Jonathan Winkler
|
0-0: Foul Ball, location: 2F 0-1: Ball 1-1: Swinging Strike 1-2: Ball 2-2: Ball 3-2: Base on Balls
|
|
Batting: SHB J.T. Ready
|
0-0: Called Strike 0-1: Ball 1-1: Swinging Strike 1-2: Foul Ball, location: 2F 1-2: Foul Ball, location: 2F 1-2: Foul Ball, location: 2F 1-2: Ball 2-2: Fly out, F7 (Flyball, 78S, EV 93.8 MPH)
|
|
Batting: LHB Ignacio Ocampo
|
0-0: Ball 1-0: SINGLE (Groundball, 6MS, EV 68.8 MPH) (infield hit) Jonathan Winkler to second
|
|
Batting: RHB Pablo Nunez
|
0-0: Called Strike 0-1: Foul Ball, location: 2F 0-2: Strikes out swinging
|
|
Batting: LHB Rafael Banda
|
0-0: Ball 1-0: Fly out, F5 (Popup, 5F, EV 80.0 MPH)
|
| Bottom of the 1st over - 0 runs, 1 hit, 0 errors, 2 left on base; Columbus 0 - Hamilton 0 |
| TOP OF THE 2ND |
|
Columbus Reds batting - Pitching for Hamilton Cardinals : RHP Ji-e Shuai
|
|
Batting: LHB Mike Becerra
|
0-0: Called Strike 0-1: Foul Ball, location: 2F 0-2: Ball 1-2: Ball 2-2: Strikes out swinging
|
|
Batting: RHB Emanuel Estrada
|
0-0: Called Strike 0-1: Ball 1-1: Swinging Strike 1-2: Strikes out swinging
|
|
Batting: RHB Jimmy Geddes
|
0-0: Called Strike 0-1: Called Strike 0-2: Strikes out swinging
|
| Top of the 2nd over - 0 runs, 0 hits, 0 errors, 0 left on base; Columbus 0 - Hamilton 0 |
| BOTTOM OF THE 2ND |
|
Hamilton Cardinals batting - Pitching for Columbus Reds : RHP Ivan Alday
|
|
Batting: SHB Kelly Brooks
|
0-0: Foul Ball, location: 2F 0-1: Ball 1-1: SINGLE (Groundball, 34D, EV 94.4 MPH)
|
|
Batting: RHB Dan Wages
|
0-0: Called Strike 0-1: Ball 1-1: Ball 2-1: Foul Ball, location: 2F 2-2: Ball 3-2: Strikes out looking
|
|
Batting: SHB Brad Meyer
|
0-0: Ball 1-0: Ball 2-0: Fly out, F8 (Flyball, 8LM, EV 71.9 MPH)
|
|
Batting: RHB Oscar Higareda
|
0-0: Ball 1-0: Swinging Strike 1-1: Foul Ball, location: 2F 1-2: Strikes out swinging
|
| Bottom of the 2nd over - 0 runs, 1 hit, 0 errors, 1 left on base; Columbus 0 - Hamilton 0 |
| TOP OF THE 3RD |
|
Columbus Reds batting - Pitching for Hamilton Cardinals : RHP Ji-e Shuai
|
|
Batting: RHB Nick Partain
|
0-0: Called Strike 0-1: Foul Ball, location: 2F 0-2: Ball 1-2: Strikes out swinging
|
|
Batting: RHB Cornholdo Schwerin
|
0-0: Ball 1-0: Ball 2-0: Ball 3-0: Fly out, F7 (Line Drive, 7, EV 93.1 MPH)
|
|
Batting: RHB John Hopkins
|
0-0: Ball 1-0: Ball 2-0: Ball 3-0: Called Strike 3-1: Foul Ball, location: 2F 3-2: Base on Balls
|
|
Batting: RHB Alex Nagera
|
0-0: Ball John Hopkins steals 2nd base 1-0: Ball 2-0: Ball 3-0: Swinging Strike 3-1: Foul Ball, location: 2F 3-2: Fly out, F7 (Flyball, 7D, EV 90.6 MPH)
|
| Top of the 3rd over - 0 runs, 0 hits, 0 errors, 1 left on base; Columbus 0 - Hamilton 0 |
| BOTTOM OF THE 3RD |
|
Hamilton Cardinals batting - Pitching for Columbus Reds : RHP Ivan Alday
|
|
Batting: RHB Jonathan Winkler
|
0-0: Ball 1-0: Fly out, F8 (Flyball, 89S, EV 84.4 MPH)
|
|
Batting: SHB J.T. Ready
|
0-0: Ground out U3 (Groundball, 34, EV 82.5 MPH)
|
|
Batting: LHB Ignacio Ocampo
|
0-0: SOLO HOME RUN (Flyball, 9LD, EV 96.2 MPH), Distance : 346 ft
|
|
Batting: RHB Pablo Nunez
|
0-0: Called Strike 0-1: Called Strike 0-2: Ball 1-2: Ball 2-2: Strikes out swinging
|
| Bottom of the 3rd over - 1 run, 1 hit, 0 errors, 0 left on base; Columbus 0 - Hamilton 1 |
| TOP OF THE 4TH |
|
Columbus Reds batting - Pitching for Hamilton Cardinals : RHP Ji-e Shuai
|
|
Batting: LHB Jamie Spangenberg
|
0-0: Fly out, F7 (Flyball, 7D, EV 100.6 MPH)
|
|
Batting: RHB Ruben Cantu
|
0-0: Ball 1-0: Ball 2-0: Called Strike 2-1: Ball 3-1: Called Strike 3-2: Strikes out swinging
|
|
Batting: LHB Mike Becerra
|
0-0: DOUBLE (Line Drive, 78D, EV 99.4 MPH)
|
|
Batting: RHB Emanuel Estrada
|
0-0: Foul Ball, location: 2F 0-1: Ball 1-1: Ground out 5-3 (Groundball, 56, EV 94.4 MPH)
|
| Top of the 4th over - 0 runs, 1 hit, 0 errors, 1 left on base; Columbus 0 - Hamilton 1 |
| BOTTOM OF THE 4TH |
|
Hamilton Cardinals batting - Pitching for Columbus Reds : RHP Ivan Alday
|
|
Batting: LHB Rafael Banda
|
0-0: Ball 1-0: Foul Ball, location: 2F 1-1: Fly out, F7 (Flyball, 78S, EV 88.8 MPH)
|
|
Batting: SHB Kelly Brooks
|
0-0: Foul Ball, location: 2F 0-1: Foul Ball, location: 2F 0-2: Strikes out swinging
|
|
Batting: RHB Dan Wages
|
0-0: Bunt missed! 0-1: SINGLE (Groundball, 6MS, EV 66.2 MPH) (infield hit)
|
|
Batting: SHB Brad Meyer
|
0-0: Ball 1-0: Fly out, F9 (Flyball, 9D, EV 93.8 MPH)
|
| Bottom of the 4th over - 0 runs, 1 hit, 0 errors, 1 left on base; Columbus 0 - Hamilton 1 |
| TOP OF THE 5TH |
|
Columbus Reds batting - Pitching for Hamilton Cardinals : RHP Ji-e Shuai
|
|
Batting: RHB Jimmy Geddes
|
0-0: Ball 1-0: Swinging Strike 1-1: Ball 2-1: Foul Ball, location: 2F 2-2: Reached on error, E3 (Groundball, 34, EV 103.1 MPH)
|
|
Batting: RHB Nick Partain
|
0-0: Ball 1-0: Foul Ball, location: 2F 1-1: Ball 2-1: Foul Ball, location: 2F 2-2: Foul Ball, location: 2F 2-2: Ball 3-2: Strikes out swinging
|
|
Batting: RHB Cornholdo Schwerin
|
0-0: Called Strike 0-1: Ball 1-1: Ball 2-1: Foul Ball, location: 2F 2-2: 2-RUN HOME RUN (Flyball, 9LD, EV 94.4 MPH), Distance : 349 ft
|
|
Batting: RHB John Hopkins
|
0-0: Called Strike 0-1: Fly out, F9 (Flyball, 9D, EV 109.4 MPH)
|
|
Batting: RHB Alex Nagera
|
0-0: Ball 1-0: Foul Ball, location: 2F 1-1: Called Strike 1-2: Ball 2-2: Fly out, F6 (Popup, P, EV 73.1 MPH)
|
| Top of the 5th over - 2 runs, 1 hit, 1 error, 0 left on base; Columbus 2 - Hamilton 1 |
| BOTTOM OF THE 5TH |
|
Hamilton Cardinals batting - Pitching for Columbus Reds : RHP Ivan Alday
|
|
Batting: RHB Oscar Higareda
|
0-0: Fly out, F7 (Flyball, 7S, EV 90.0 MPH)
|
|
Batting: RHB Jonathan Winkler
|
0-0: Called Strike 0-1: Ball 1-1: Ball 2-1: DOUBLE (Flyball, 8RXD, EV 97.5 MPH)
|
|
Batting: SHB J.T. Ready
|
0-0: Called Strike 0-1: Ball 1-1: Ball 2-1: SINGLE (Groundball, 6D, EV 93.8 MPH) Jonathan Winkler to third Runner from 3rd tries for Home, SAFE, throw by CF to home
|
|
Batting: LHB Ignacio Ocampo
|
0-0: Ball J.T. Ready steals 2nd base 1-0: Ball 2-0: Swinging Strike 2-1: Ball 3-1: Foul Ball, location: 2F 3-2: Base on Balls
|
|
Batting: RHB Pablo Nunez
|
0-0: Ball 1-0: DOUBLE (Line Drive, 8LXD, EV 105.0 MPH) J.T. Ready scores Ignacio Ocampo to third
|
|
Batting: LHB Rafael Banda
|
0-0: Ball 1-0: Ball 2-0: Ball 3-0: Called Strike 3-1: Base on Balls
|
|
Batting: SHB Kelly Brooks
|
0-0: Ball 1-0: Swinging Strike 1-1: Ball 2-1: Foul Ball, location: 2F 2-2: Foul Ball, location: 2F 2-2: SINGLE (Groundball, 4MD, EV 105.0 MPH) Ignacio Ocampo scores Pablo Nunez to third Rafael Banda to second Runner from 3rd tries for Home, SAFE, throw by CF to home
|
|
Pitching: RHP Toyohiro Nakagawa
|
|
|
Batting: RHB Dan Wages
|
0-0: Ball 1-0: Swinging Strike 1-1: 3-RUN HOME RUN (Flyball, 9LD, EV 95.0 MPH), Distance : 356 ft
|
|
Batting: SHB Brad Meyer
|
0-0: Ball 1-0: Called Strike 1-1: Foul Ball, location: 2F 1-2: Ball 2-2: Foul Ball, location: 2F 2-2: Strikes out swinging
|
|
Batting: RHB Oscar Higareda
|
0-0: Foul Ball, location: 2F 0-1: Swinging Strike 0-2: Ball 1-2: Ball 2-2: Ground out 5-3 (Groundball, 15, EV 91.9 MPH)
|
| Bottom of the 5th over - 7 runs, 5 hits, 0 errors, 0 left on base; Columbus 2 - Hamilton 8 |
| TOP OF THE 6TH |
|
Columbus Reds batting - Pitching for Hamilton Cardinals : RHP Ji-e Shuai
|
|
Pitching: RHP John Garrote
|
|
|
Batting: LHB Jamie Spangenberg
|
0-0: Foul Ball, location: 2F 0-1: Ball 1-1: Foul Ball, location: 2F 1-2: Ball 2-2: Foul Ball, location: 2F 2-2: SOLO HOME RUN (Flyball, 7LD, EV 96.2 MPH), Distance : 330 ft
|
|
Batting: RHB Ruben Cantu
|
0-0: Ball 1-0: Foul Ball, location: 2F 1-1: Ground out 5-3 (Groundball, 56, EV 100.0 MPH)
|
|
Batting: LHB Mike Becerra
|
0-0: Ball 1-0: Called Strike 1-1: Swinging Strike 1-2: Strikes out swinging
|
|
Batting: RHB Emanuel Estrada
|
0-0: Ball 1-0: Ball 2-0: Foul Ball, location: 2F 2-1: Ball 3-1: Base on Balls
|
|
Batting: RHB Jimmy Geddes
|
0-0: Called Strike 0-1: Ball 1-1: Foul Ball, location: 2F 1-2: Strikes out swinging
|
| Top of the 6th over - 1 run, 1 hit, 0 errors, 1 left on base; Columbus 3 - Hamilton 8 |
| BOTTOM OF THE 6TH |
|
Hamilton Cardinals batting - Pitching for Columbus Reds : RHP Toyohiro Nakagawa
|
|
Batting: RHB Jonathan Winkler
|
0-0: Ball 1-0: Swinging Strike 1-1: Ball 2-1: Foul Ball, location: 2F 2-2: Ball 3-2: Foul Ball, location: 2F 3-2: Fly out, F9 (Flyball, 9S, EV 86.9 MPH)
|
|
Batting: SHB J.T. Ready
|
0-0: Called Strike 0-1: Ball 1-1: Fly out, F9 (Flyball, 9D, EV 103.1 MPH)
|
|
Batting: LHB Ignacio Ocampo
|
0-0: Ball 1-0: Ball 2-0: Called Strike 2-1: Fly out, F8 (Flyball, 8LM, EV 76.2 MPH)
|
| Bottom of the 6th over - 0 runs, 0 hits, 0 errors, 0 left on base; Columbus 3 - Hamilton 8 |
| TOP OF THE 7TH |
|
Columbus Reds batting - Pitching for Hamilton Cardinals : RHP John Garrote
|
|
Pinch Hitting: RHB Ed Santibanez
|
0-0: Foul Ball, location: 2F 0-1: Ball 1-1: Called Strike 1-2: Ball 2-2: Ball 3-2: Fly out, F6 (Popup, 56D, EV 51.9 MPH)
|
|
Pinch Hitting: SHB Sal Esparza
|
0-0: Ball 1-0: Ball 2-0: Fly out, F7 (Flyball, 7D, EV 104.4 MPH)
|
|
Batting: RHB John Hopkins
|
0-0: Ball 1-0: Ball 2-0: Called Strike 2-1: Fly out, F1 (Line Drive, P, EV 65.6 MPH)
|
| Top of the 7th over - 0 runs, 0 hits, 0 errors, 0 left on base; Columbus 3 - Hamilton 8 |
| BOTTOM OF THE 7TH |
|
Hamilton Cardinals batting - Pitching for Columbus Reds : RHP Toyohiro Nakagawa
|
|
Now at 2B: Sal Esparza
|
|
|
Now in LF: Ed Santibanez
|
|
|
Now in CF: Emanuel Estrada
|
|
|
Batting: RHB Pablo Nunez
|
0-0: Ball 1-0: Ball 2-0: Ball 3-0: Base on Balls
|
|
Batting: LHB Rafael Banda
|
0-0: Called Strike 0-1: Foul Ball, location: 2F 0-2: Strikes out looking
|
|
Batting: SHB Kelly Brooks
|
0-0: Ball 1-0: 2-RUN HOME RUN (Flyball, 89XD, EV 112.5 MPH), Distance : 434 ft
|
|
Batting: RHB Dan Wages
|
0-0: Swinging Strike 0-1: Foul Ball, location: 2F 0-2: Ball 1-2: Ball 2-2: Strikes out swinging
|
|
Pinch Hitting: RHB Matt Shaw
|
0-0: Called Strike 0-1: Ball 1-1: Ball 2-1: Called Strike 2-2: Strikes out swinging
|
| Bottom of the 7th over - 2 runs, 1 hit, 0 errors, 0 left on base; Columbus 3 - Hamilton 10 |
| TOP OF THE 8TH |
|
Columbus Reds batting - Pitching for Hamilton Cardinals : RHP John Garrote
|
|
Now at 1B: David Snyder
|
|
|
Batting: RHB Alex Nagera
|
0-0: Ball 1-0: Foul Ball, location: 2F 1-1: Ball 2-1: Swinging Strike 2-2: Foul Ball, location: 2F 2-2: Foul Ball, location: 2F 2-2: SOLO HOME RUN (Flyball, 7D, EV 94.4 MPH), Distance : 351 ft
|
|
Batting: LHB Jamie Spangenberg
|
0-0: Ball 1-0: Ball 2-0: Called Strike 2-1: Ball 3-1: Base on Balls
|
|
Batting: RHB Ruben Cantu
|
0-0: Ball Wild Pitch! Jamie Spangenberg to second 1-0: Foul Ball, location: 2F 1-1: Ball 2-1: Ball Wild Pitch! Jamie Spangenberg to third 3-1: Base on Balls
|
|
Pitching: LHP Tim Dyer
|
|
|
Batting: LHB Mike Becerra
|
0-0: Called Strike 0-1: DOUBLE (Line Drive, 78XD, EV 98.8 MPH) Jamie Spangenberg scores Ruben Cantu to third
|
|
Pitching: RHP Daniel Boulter
|
|
|
Pinch Hitting: LHB Armando Arellano
|
0-0: Called Strike 0-1: SINGLE (Groundball, 6, EV 96.2 MPH) Ruben Cantu scores Mike Becerra to third
|
|
Batting: RHB Jimmy Geddes
|
0-0: Swinging Strike 0-1: Called Strike 0-2: Ball 1-2: Strikes out swinging
|
|
Batting: RHB Ed Santibanez
|
0-0: Called Strike 0-1: Ball 1-1: Hit by Pitch Armando Arellano to second
|
|
Batting: SHB Sal Esparza
|
0-0: Called Strike 0-1: Ball 1-1: Fielders Choice at 2nd, 3-6 (Groundball, 34, EV 80.6 MPH) Mike Becerra scores Armando Arellano to third
|
|
Batting: RHB John Hopkins
|
0-0: Ball 1-0: DOUBLE (Line Drive, 3D, EV 96.2 MPH) Armando Arellano scores Sal Esparza to third
|
|
Pitching: RHP Mark Rivera
|
|
|
Pinch Runner at 2nd Jamel Wilhite:
|
|
|
Batting: RHB Alex Nagera
|
0-0: Foul Ball, location: 2F 0-1: Ball 1-1: Ball 2-1: Foul Ball, location: 2F 2-2: Foul Ball, location: 2F 2-2: Ball 3-2: SINGLE (Flyball, 8LS, EV 96.2 MPH) Sal Esparza scores Jamel Wilhite to third
|
|
Batting: LHB Jamie Spangenberg
|
0-0: Called Strike 0-1: Ball 1-1: Swinging Strike 1-2: Foul Ball, location: 2F 1-2: Strikes out looking
|
| Top of the 8th over - 6 runs, 5 hits, 0 errors, 2 left on base; Columbus 9 - Hamilton 10 |
| BOTTOM OF THE 8TH |
|
Hamilton Cardinals batting - Pitching for Columbus Reds : RHP Toyohiro Nakagawa
|
|
Pitching: RHP Chris Santos
|
|
|
Now at SS: Armando Arellano
|
|
|
Now in CF: Alex Ruybalid
|
|
|
Batting: RHB Oscar Higareda
|
0-0: Swinging Strike 0-1: Ball 1-1: Foul Ball, location: 2F 1-2: Strikes out swinging
|
|
Batting: RHB Jonathan Winkler
|
0-0: Foul Ball, location: 2F 0-1: Foul Ball, location: 2F 0-2: Ball 1-2: Ball 2-2: Strikes out swinging
|
|
Batting: SHB J.T. Ready
|
0-0: Ball 1-0: Foul Ball, location: 2F 1-1: Ball 2-1: Ground out U3 (Groundball, 3L, EV 88.1 MPH)
|
| Bottom of the 8th over - 0 runs, 0 hits, 0 errors, 0 left on base; Columbus 9 - Hamilton 10 |
| TOP OF THE 9TH |
|
Columbus Reds batting - Pitching for Hamilton Cardinals : RHP Mark Rivera
|
|
Pitching: RHP David Lopez
|
|
|
Batting: RHB Ruben Cantu
|
0-0: Fly out, F8 (Flyball, 8RM, EV 84.4 MPH)
|
|
Batting: LHB Mike Becerra
|
0-0: Ball 1-0: Called Strike 1-1: Swinging Strike 1-2: Ball 2-2: Foul Ball, location: 2F 2-2: Foul Ball, location: 2F 2-2: Strikes out looking
|
|
Batting: LHB Armando Arellano
|
0-0: Called Strike 0-1: Swinging Strike 0-2: Ball 1-2: Ball 2-2: Ground out 5-3 (Groundball, 5, EV 82.5 MPH)
|
| Top of the 9th over - 0 runs, 0 hits, 0 errors, 0 left on base; Columbus 9 - Hamilton 10 |
|